 Dungeon Crawl Stone Soup version 0.19-a0-14-gde87d98 (webtiles) character file.

619 Zhenya25pyc the Cudgeler (level 7, -3/44 HPs)
             Began as a Gargoyle Fighter on Apr 29, 2016.
             Was an Initiate of Okawaru.
             Killed from afar by an orc wizard (8 damage)
             ... with a magic dart
             ... on level 4 of the Dungeon.
             The game lasted 00:06:19 (2903 turns).

Zhenya25pyc the Cudgeler (Gargoyle Fighter)         Turns: 2903, Time: 00:06:20

Health: -3/44      AC: 15    Str: 22    XL:     7   Next: 46%
Magic:  7/7        EV:  8    Int:  8    God:    Okawaru [......]
Gold:   83         SH:  0    Dex:  9    Spells: 0 memorised, 6 levels left

rFire  . . .     SeeInvis .     q - +0 dire flail
rCold  . . .     Gourm    .     u - +0 chain mail
rNeg   + . .     Faith    .     (shield currently unavailable)
rPois  ∞         Spirit   .     (no helmet)
rElec  +         Dismiss  .     t - +0 cloak
rCorr  .         Reflect  .     (no gloves)
SustAt .         Harm     +     (no boots)
MR     .....                    w - amulet of harm
Stlth  ..........               (no ring)
                                (no ring)

@: not resistant to hostile enchantments, extremely unstealthy
A: negative energy resistance 1, electricity resistance, unbreathing,
petrification resistance, rot immunity, AC +4
a: Renounce Religion


You were on level 4 of the Dungeon.
You worshipped Okawaru.
Okawaru was noncommittal.
You were not hungry.

You visited 1 branch of the dungeon, and saw 4 of its levels.

You collected 83 gold pieces.

Inventory:

Hand Weapons
 q - a +0 dire flail (weapon)
Armour
 c - a +0 shield
 t - a +0 cloak (worn)
 u - a +0 chain mail (worn)
Jewellery
 w - an amulet of harm (around neck)
Scrolls
 a - a scroll of immolation {unknown}
 e - a scroll of teleportation {unknown}
 g - a scroll of amnesia {unknown}
 h - 5 scrolls of identify {unknown}
 n - a scroll of magic mapping {unknown}
 o - 2 scrolls of enchant armour {unknown}
 p - a scroll of noise {unknown}
 r - 3 scrolls of remove curse {unknown}
 x - a scroll of enchant weapon {unknown}
Potions
 b - a potion of degeneration {unknown}
 d - 3 potions of might
 j - a potion of mutation {unknown}
 k - 2 potions of flight {unknown}
 l - a potion of ambrosia {unknown}
 m - 2 potions of curing {unknown}
 v - a potion of berserk rage {unknown}
Comestibles
 f - 3 bread rations
 i - 4 fruits
 s - a royal jelly


   Skills:
 + Level 5.3 Fighting
 * Level 5.6 Maces & Flails
 + Level 5.2 Armour
 - Level 3.9 Shields


You had 6 spell levels left.
You didn't know any spells.

Dungeon Overview and Level Annotations

Branches:
Dungeon (4/15)
 Temple: D:4-7

Altars:
Gozag
Okawaru
Xom
Yredelemnul
Zin


Innate Abilities, Weirdness & Mutations

You are resistant to torment.
Your stone body is resilient (AC +4).
You are immune to poison.
You resist negative energy.
You are resistant to electric shocks.
You can survive without breathing.
You are immune to petrification.
You are immune to rotting.


Message History

You barely miss something.
You feel less confused.
You miss something.
You hear some strange, mumbled words.
You are confused.
You're too confused to attack without stumbling around!
You're too confused to attack without stumbling around!
You're too confused to attack without stumbling around!
You're too confused to attack without stumbling around!
You're too confused to attack without stumbling around!
Something hits you but does no damage. Something hits you but does no damage.
Something hits you but does no damage.
You completely miss something. Something hits you but does no damage.
You miss something.
You feel less confused.
You hear some strange, mumbled words.
A magic dart appears from out of thin air!
The magic dart hits you!
You die...

####......#.##############
....###'###.####.#........
....#............#........
....#............#........
....#............+......
....#######+###..#....
....<....... #..##)#
............ #...).#
............ #.@{..#
............ #.....#
............ #.....#
............ #.....#
............ +.....#
..)......... #.....#
#...### ##+##


There were no monsters in sight!

Vanquished Creatures
  The ghost of Duffy the Chopper, an amateur FoWr (D:3)
  4 crimson imps (D:3)
  3 orc wizards
  2 orc priests
  An iguana (D:3)
  Terence (D:2)
  5 gnolls
  3 adders
  2 worms
  3 dart slugs
  2 giant geckos
  6 orcs (D:3)
  12 bats
  9 goblins
  7 hobgoblins
  4 jackals (D:1)
  A quokka (D:2)
  A ball python (D:1)
  5 giant newts
  6 kobolds
  11 rats
89 creatures vanquished.

Notes
Turn   | Place    | Note
--------------------------------------------------------------
     0 | D:1      | Zhenya25pyc the Gargoyle Fighter began the quest for the Orb.
     0 | D:1      | Reached XP level 1. HP: 14/14 MP: 1/1
    98 | D:1      | Reached XP level 2. HP: 10/19 MP: 2/2
   350 | D:1      | Reached XP level 3. HP: 18/24 MP: 3/3
   911 | D:2      | Noticed Terence
   941 | D:2      | Killed Terence
   941 | D:2      | Reached XP level 4. HP: 20/29 MP: 4/4
  1137 | D:2      | Found a basalt altar of Yredelemnul.
  1700 | D:2      | Reached XP level 5. HP: 33/33 MP: 5/5
  1713 | D:2      | Found an opulent altar of Gozag.
  1815 | D:2      | Found a glowing silver altar of Zin.
  1918 | D:3      | Noticed Duffy's ghost (amateur FoWr)
  1936 | D:3      | Killed Duffy's ghost
  1936 | D:3      | Reached XP level 6. HP: 32/39 MP: 6/6
  2014 | D:3      | Found an iron altar of Okawaru.
  2026 | D:3      | Became a worshipper of Warmaster Okawaru
  2638 | D:3      | Reached skill level 5 in Maces & Flails
  2718 | D:3      | Found a shimmering altar of Xom.
  2742 | D:3      | Paralysed by a crimson imp for 6 turns
  2746 | D:3      | Reached XP level 7. HP: 38/44 MP: 7/7
  2754 | D:3      | Reached skill level 5 in Fighting
  2754 | D:3      | Reached skill level 5 in Armour
  2880 | D:4      | HP: 2/44 [orc priest/divine providence (13)]
  2886 | D:4      | HP: 2/44 [something/magic dart (1)]
  2903 | D:4      | Killed from afar by an orc wizard

Vault maps used:
D:1:      dpeg_arrival_prison
D:2:      zin_scriptorium, grunt_gozag_breadcrumbs, overflow_temple_1_default,
          uniq_terence
D:3:      led_xom_imps, okawaru_trees_1
D:4:      black_bear_nest_2, first_bread

Skill      XL: |  1  2  3  4  5  6  7 |
---------------+----------------------+-----
Maces & Flails | 3 4 5 |  5.6
Fighting       | 4 5 |  5.3
Armour         | 4 5 |  5.2
Shields        | |  3.9

Action                   |  1- 3 |  4- 6 |  7- 9 || total
-------------------------+-------+-------+-------++-------
Melee: Flail             |   164 |    35 |       ||   199
       Dire flail        |       |   178 |    41 ||   219
       Unarmed           |       |       |     1 ||     1
  Eat: Chunk             |       |     6 |     1 ||     7
Armor: Scale mail        |   123 |    45 |       ||   168
       Chain mail        |       |   143 |    31 ||   174
Dodge: Dodged            |    75 |   111 |    10 ||   196
Block: Shield            |   117 |    22 |       ||   139
